 Dungeon Crawl Stone Soup version 0.21.0 (webtiles) character file.

2672 Lanoc the Cleaver (level 9, 0/81 HPs)
             Began as a Minotaur Berserker on Jan 8, 2018.
             Was an Elder of Trog.
             Shot with a bolt by an orc warrior (15 damage)
             ... in a bailey.
             The game lasted 00:14:06 (4080 turns).

Lanoc the Cleaver (Minotaur Berserker)              Turns: 4080, Time: 00:14:07

Health: 0/81       AC:  2    Str: 22    XL:     9   Next: 37%
Magic:  8/8        EV: 15    Int:  4    God:    Trog [****..]
Gold:   208        SH:  0    Dex: 13    Spells: 8/8 levels left

rFire    . . .     SeeInvis .   a - +0 hand axe
rCold    . . .     Gourm    .   (no shield)
rNeg     . . .     Faith    .   b - +0 animal skin
rPois    .         Spirit   .   (helmet restricted)
rElec    .         Reflect  .   (no cloak)
rCorr    .         Harm     .   (no gloves)
MR       .....                  (no boots)
Stlth    +.........             (no amulet)
HPRegen  0.23/turn              (no ring)
MPRegen  0.11/turn              (no ring)

@: berserk cooldown, slowed, very slow
A: retaliatory headbutt, horns 2
a: Berserk, Trog's Hand, Brothers in Arms, Burn Spellbooks, Renounce Religion


You were in a bailey.
You worshipped Trog.
Trog was greatly pleased with you.
You were very hungry.

You visited 1 branch of the dungeon, and saw 7 of its levels.
You also visited: Ossuary and Bailey.

You collected 208 gold pieces.

Inventory:

Hand Weapons
 a - a +0 hand axe (weapon)
 e - a +0 arbalest
Missiles
 i - 79 bolts
Armour
 b - a +0 animal skin (worn)
Wands
 n - a wand of acid (6)
Scrolls
 g - 2 scrolls of noise {unknown}
 j - a scroll of fear {unknown}
 p - a scroll of teleportation
Potions
 d - 5 potions of curing
 h - a potion of might
 k - a potion of mutation
 m - 2 potions of lignification {unknown}
 o - 4 potions of agility {unknown}
 q - a potion of berserk rage {unknown}
 s - 2 potions of haste {unknown}
 t - a potion of invisibility {unknown}
Comestibles
 c - 2 rations
 f - a chunk of flesh


   Skills:
 + Level 7.8 Fighting
 - Level 10.3 Axes
 * Level 0.2 Crossbows
 + Level 7.3 Armour
 + Level 6.6 Dodging


You had 8 spell levels left.
You didn't know any spells.

Dungeon Overview and Level Annotations

Branches:
Dungeon (7/15)
 Temple: D:4-7

Altars:

Shops:
D:4 (


Innate Abilities, Weirdness & Mutations

You reflexively headbutt those who attack you in melee.
You have a pair of horns on your head.


Message History

An orc warrior comes into view. It is wielding an arbalest.
An orc warrior is nearby!
You are too injured to fight recklessly!
Wield which item (- for none, * to show all)? (? for menu, Esc to quit)
a - a +0 hand axe (weapon)
The orc warrior shoots a bolt.
The bolt hits you!
* * * LOW HITPOINT WARNING * * *
You see here a bolt.
A red film seems to cover your vision as you go berserk!
You feel yourself moving faster!
You feel mighty!
You are feeling very hungry.
The orc warrior shoots a bolt.
The bolt hits you!!
* * * LOW HITPOINT WARNING * * *
You feel a strong urge to attack something.
The orc warrior shoots a bolt.
The bolt misses you.
You feel your anger nearly subside.
You are no longer berserk.
You are exhausted.
You feel yourself slow down.
You feel better.
The orc warrior shoots a bolt.
The bolt hits you!
You die...

#......≈≈#)#≈≈....#####
#.....)≈##.∩#≈.........
#......≈..^..≈.........
#......≈##.##≈.........
#......≈≈#.#≈≈.........
#.......≈≈≈≈≈..........
#......................
#......................
#.((..@..o.............
#......................
#......................
#∩.....................
#######################


You could see an orc warrior.

Vanquished Creatures
  Pikel (D:7)
  The ghost of Lanoc the Chopper, a novice MiBe of Trog (D:6)
  The ghost of Lanoc the Chopper, an amateur MiBe of Trog (D:5)
  2 orc warriors (Bailey)
  A phantom (D:3)
  A slave (D:7)
  The ghost of Daviar the Sneak, an amateur DgAs (D:3)
  A centaur (D:7)
  4 ogres
  5 water moccasin zombies (Ossuary)
  A howler monkey (D:6)
  A crimson imp (D:7)
  A bullfrog zombie (D:5)
  A jelly (D:5)
  3 orc wizards (D:6)
  A hound (D:7)
  An orc priest (D:6)
  4 worker ants
  2 big kobold zombies (Ossuary)
  2 mummies (Ossuary)
  Robin (D:3)
  A worker ant zombie (D:5)
  5 adders
  An ooze (D:3)
  5 adder zombies (Ossuary)
  An adder skeleton (D:7)
  2 dart slugs
  4 leopard geckos
  21 orcs
  3 giant cockroaches
  3 gnoll zombies (Ossuary)
  16 goblins
  4 hobgoblins
  2 jackals (D:7)
  4 kobolds
  5 ball pythons
  A bat (D:3)
  A frilled lizard (D:3)
  5 hobgoblin zombies (Ossuary)
  6 kobold zombies (Ossuary)
  A leopard gecko zombie (D:7)
  3 orc zombies (Ossuary)
  A quokka skeleton (D:4)
  5 rats
136 creatures vanquished.

Vanquished Creatures (others)
  A spriggan (D:7)
1 creature vanquished.

Grand Total: 137 creatures vanquished

Notes
Turn   | Place    | Note
-------+----------+-------------------------------------------
     0 | D:1      | Lanoc the Minotaur Berserker began the quest for the Orb.
     0 | D:1      | Reached XP level 1. HP: 19/19 MP: 0/0
   375 | D:1      | Reached XP level 2. HP: 17/27 MP: 1/1
   434 | D:1      | Reached skill level 4 in Axes
   520 | D:2      | Reached XP level 3. HP: 30/33 MP: 2/2
  1091 | D:3      | Noticed a phantom
  1105 | D:3      | Killed a phantom
  1105 | D:3      | Reached skill level 5 in Axes
  1105 | D:3      | Reached XP level 4. HP: 41/41 MP: 3/3
  1105 | D:3      | Reached XP level 5. HP: 47/47 MP: 4/4
  1172 | D:3      | Noticed Daviar's ghost (amateur DgAs)
  1184 | D:3      | Killed Daviar's ghost
  1184 | D:3      | Reached ** piety under Trog
  1277 | D:3      | Noticed Robin
  1287 | D:3      | Killed Robin
  1291 | D:3      | Reached XP level 6. HP: 55/55 MP: 5/5
  1335 | D:4      | Found Hedix's Antique Weapon Shop.
  1401 | D:4      | Reached skill level 5 in Fighting
  1401 | D:4      | Reached skill level 6 in Axes
  1618 | D:5      | Entered Level 5 of the Dungeon
  1628 | D:5      | Reached XP level 7. HP: 60/61 MP: 6/6
  1902 | D:5      | Noticed Lanoc's ghost (amateur MiBe)
  1916 | D:5      | Killed Lanoc's ghost
  1916 | D:5      | Reached skill level 7 in Axes
  1916 | D:5      | Reached skill level 5 in Armour
  2127 | D:6      | Reached *** piety under Trog
  2132 | D:6      | Reached skill level 5 in Dodging
  2135 | D:6      | Found a sand-covered staircase.
  2150 | D:6      | Reached XP level 8. HP: 45/70 MP: 7/7
  2164 | Ossuary  | Entered an ossuary
  2278 | Ossuary  | Reached skill level 8 in Axes
  2497 | Ossuary  | Reached **** piety under Trog
  2752 | D:6      | Noticed Lanoc's ghost (novice MiBe)
  2770 | D:6      | Killed Lanoc's ghost
  2770 | D:6      | Reached skill level 9 in Axes
  2937 | D:7      | Reached XP level 9. HP: 56/79 MP: 8/8
  3253 | D:7      | Noticed Pikel
  3265 | D:7      | Killed Pikel
  3265 | D:7      | Reached skill level 10 in Axes
  3302 | D:7      | Found a flagged portal.
  3433 | Bailey   | Entered a bailey
  4080 | Bailey   | Shot with a bolt by an orc warrior

Skill      XL: |  1  2  3  4  5  6  7  8  9 |
---------------+----------------------------+-----
Axes           | 4 5 6 7 9 10 | 10.3
Fighting       | 4 5 6 7 |  7.8
Armour         | 3 4 5 6 7 |  7.3
Dodging        | 3 4 5 6 |  6.6
Crossbows      | |  0.2

Action                   |  1- 3 |  4- 6 |  7- 9 || total
-------------------------+-------+-------+-------++-------
Melee: Hand axe          |    46 |    66 |   187 ||   299
       Headbutt          |    12 |    12 |    39 ||    63
 Fire: Shortbow          |       |       |    20 ||    20
       Arbalest          |       |       |    19 ||    19
Invok: Berserk           |     5 |     4 |    12 ||    21
  Use: Scroll            |       |       |     8 ||     8
       Potion            |       |       |     3 ||     3
 Stab: Sleeping          |       |     1 |     1 ||     2
  Eat: Chunk             |     3 |     3 |     9 ||    15
       Ration            |       |     1 |     3 ||     4
Armor: Animal skin       |     4 |     4 |     5 ||    13
Dodge: Dodged            |    26 |    44 |   118 ||   188
